 Dungeon Crawl Stone Soup version 0.24-a0-57-gac335f2 (webtiles) character file.

Game seed: 6984939556844684624

732 lemonriz the Covered (level 7, -1/53 HPs)
             Began as a Gnoll Wanderer on Feb 4, 2019.
             Was an Initiate of Ashenzari.
             Slain by an ogre
             ... wielding a +0 giant spiked club
              (24 damage)
             ... on level 5 of the Dungeon.
             The game lasted 00:14:10 (4023 turns).

lemonriz the Covered (Gnoll Wanderer)               Turns: 4023, Time: 00:14:11

Health: -1/53      AC:  6    Str: 12    XL:     7   Next: 73%
Magic:  6/12       EV: 13    Int: 15    God:    Ashenzari [......]
Gold:   180        SH:  0    Dex: 18    Spells: 11/13 levels left

rFire    . . .     SeeInvis .   b - +2 dagger (venom)
rCold    . . .     Gourm    .   (no shield)
rNeg     . . .     Faith    .   o - +0 leather armour (curse)
rPois    .         Spirit   .   (no helmet)
rElec    .         Reflect  .   v - +0 cloak
rCorr    .         Harm     .   u - +0 pair of gloves
MR       .....                  (no boots)
Stlth    +++.......             (no amulet)
HPRegen  0.17/turn              (no ring)
MPRegen  0.13/turn              (no ring)

@: no status effects
A: distributed training, fangs 1, strong nose
a: Curse Item, Renounce Religion


You were on level 5 of the Dungeon.
You worshipped Ashenzari.
Ashenzari was noncommittal.
You were not hungry.

You visited 1 branch of the dungeon, and saw 5 of its levels.

You collected 180 gold pieces.

Inventory:

Hand Weapons
 a - a +0 shortbow
 b - a +2 dagger of venom (weapon)
Missiles
 d - 68 arrows
 r - 3 javelins (quivered)
Armour
 h - a +0 ring mail
 j - a +0 plate armour
 o - a cursed +0 leather armour (worn)
 u - a +0 pair of gloves (worn)
 v - a +0 cloak (worn)
Magical Staves
 q - an uncursed staff of cold
Wands
 w - a wand of flame (23)
Scrolls
 f - 2 scrolls of teleportation
 i - a scroll of fog
 l - 4 scrolls of identify
 s - a scroll of enchant armour {unknown}
 x - a scroll of immolation {unknown}
Potions
 c - a potion of heal wounds {unknown}
 e - a potion of haste
 k - a potion of degeneration {unknown}
 m - a potion of lignification {unknown}
 n - 2 potions of berserk rage {unknown}
 p - 3 potions of curing
 t - 2 potions of cancellation {unknown}
 z - a potion of invisibility {unknown}
Comestibles
 g - 5 rations
 A - a chunk of flesh


   Skills:
 + Level 3.7 Fighting
 + Level 2.6 Short Blades
 + Level 2.6 Long Blades
 + Level 2.6 Axes
 + Level 2.6 Maces & Flails
 + Level 2.6 Polearms
 + Level 2.6 Staves
 + Level 2.6 Slings
 + Level 3.7 Bows
 + Level 2.6 Crossbows
 + Level 2.6 Throwing
 + Level 7.1 Armour
 + Level 2.6 Dodging
 + Level 5.0 Stealth
 + Level 2.6 Shields
 + Level 2.6 Unarmed Combat
 + Level 3.9 Spellcasting
 + Level 2.1 Conjurations
 + Level 2.1 Hexes
 + Level 2.1 Charms
 + Level 2.1 Summonings
 + Level 2.1 Necromancy
 + Level 2.1 Translocations
 + Level 3.0 Transmutations
 + Level 2.1 Fire Magic
 + Level 2.1 Ice Magic
 + Level 2.1 Air Magic
 + Level 2.1 Earth Magic
 + Level 3.0 Poison Magic
 + Level 2.9 Invocations
 + Level 2.6 Evocations


You had 11 spell levels left.
You knew the following spells:

 Your Spells              Type           Power        Failure   Level  Hunger
a - Poisonous Vapours     Pois/Air       ##....       12%         2    ##.....

Your spell library contained the following spells:

 Spells                   Type           Power        Failure   Level  Hunger
 Sting                    Conj/Pois      ##..         8%          1    None
 Flame Tongue             Conj/Fire      #....        10%         1    None
 Mephitic Cloud           Conj/Pois/Air  ##......     24%         3    ###....
 Inner Flame              Hex/Fire       #.......     28%         3    ###....
 Olgreb's Toxic Radiance  Pois           ##......     54%         4    ####...
 Venom Bolt               Conj/Pois      ##........   91%         5    ######.


Dungeon Overview and Level Annotations

Branches:
Dungeon (5/15)
 Temple: D:4-7

Altars:
Ashenzari
Dithmenos
Xom
Yredelemnul
The Shining One


Innate Abilities, Weirdness & Mutations

Your experience applies equally to all skills.
You have very sharp teeth.
Your uncanny sense of smell can sniff out nearby items.


Message History

The ogre is poisoned.
The orc misses you.
Evoke which item? (* to show all) (? for menu, Esc to quit)
Aiming: Throw Flame
Press: ? - help, Shift-Dir - straight line, f/p - ogre
Aim: an ogre, wielding a +0 giant spiked club (lightly wounded, poisoned)
The puff of flame hits the orc!
You kill the orc!
Evoke which item? (* to show all) (? for menu, Esc to quit)
Aiming: Throw Flame
Press: ? - help, Shift-Dir - straight line, f/p - ogre
Aim: an ogre, wielding a +0 giant spiked club (lightly wounded, poisoned)
The puff of flame hits the ogre.
The ogre is moderately wounded.
You hit the ogre.
The ogre looks even sicker.
The ogre is moderately wounded.
The ogre hits you with a +0 giant spiked club!!
You hit the ogre.
The ogre looks as sick as possible!
The ogre is heavily wounded.
The ogre hits you with a +0 giant spiked club!!
You die...

...... .##......$..
........... ...........
##..........
#.#.........
##########)#........S
.#......%.O.#....(....
.........@..#...S.....∆
....!.......#.####.###
...........#..#
.............#####.#
#.................#
............####....#
...........<# .##....
##................. ...
.[..............#.. #


You could see an ogre.

Vanquished Creatures
  An orc warrior (D:3)
  A centaur (D:4)
  2 howler monkeys (D:3)
  An orc priest (D:3)
  3 orc wizards
  2 worker ants (D:4)
  A hound zombie (D:5)
  2 worker ant zombies (D:5)
  6 gnolls
  11 adders
  2 oozes
  3 worms
  2 leopard geckos
  18 orcs
  2 giant cockroaches
  13 goblins
  10 hobgoblins
  8 jackals
  6 kobolds
  4 quokkas
  A ball python (D:1)
  10 bats
  4 frilled lizards
  7 rats
120 creatures vanquished.

Notes
Turn   | Place    | Note
-------+----------+-------------------------------------------
     0 | D:1      | lemonriz the Gnoll Wanderer began the quest for the Orb.
     0 | D:1      | lemonriz set off with the following items: a +0 shortbow,
                  | 29 arrows, a +0 robe, a +0 dagger, a ration; and the
                  | following spells available to memorise: Sting, Flame
                  | Tongue, Poisonous Vapours, Mephitic Cloud, Inner Flame,
                  | Olgreb's Toxic Radiance, Venom Bolt
     0 | D:1      | Reached XP level 1. HP: 17/17 MP: 4/4
    96 | D:1      | Reached XP level 2. HP: 18/23 MP: 5/5
   328 | D:1      | Learned a level 2 spell: Poisonous Vapours
   484 | D:1      | Reached XP level 3. HP: 28/28 MP: 7/7
   818 | D:2      | Found a shadowy altar of Dithmenos.
   835 | D:2      | Reached skill level 1 in Invocations
   863 | D:2      | Reached skill level 1 in Short Blades
   863 | D:2      | Reached skill level 1 in Long Blades
   863 | D:2      | Reached skill level 1 in Axes
   863 | D:2      | Reached skill level 1 in Maces & Flails
   863 | D:2      | Reached skill level 1 in Polearms
   863 | D:2      | Reached skill level 1 in Staves
   863 | D:2      | Reached skill level 1 in Slings
   863 | D:2      | Reached skill level 1 in Crossbows
   863 | D:2      | Reached skill level 1 in Throwing
   863 | D:2      | Reached skill level 1 in Dodging
   863 | D:2      | Reached skill level 1 in Shields
   863 | D:2      | Reached skill level 1 in Unarmed Combat
   863 | D:2      | Reached skill level 1 in Evocations
   897 | D:2      | Reached XP level 4. HP: 34/34 MP: 8/8
  1024 | D:1      | Reached skill level 1 in Conjurations
  1024 | D:1      | Reached skill level 1 in Hexes
  1024 | D:1      | Reached skill level 1 in Charms
  1024 | D:1      | Reached skill level 1 in Summonings
  1024 | D:1      | Reached skill level 1 in Necromancy
  1024 | D:1      | Reached skill level 1 in Translocations
  1024 | D:1      | Reached skill level 1 in Fire Magic
  1024 | D:1      | Reached skill level 1 in Ice Magic
  1024 | D:1      | Reached skill level 1 in Air Magic
  1024 | D:1      | Reached skill level 1 in Earth Magic
  1321 | D:2      | Found a basalt altar of Yredelemnul.
  1356 | D:2      | Reached XP level 5. HP: 40/40 MP: 9/9
  1847 | D:3      | Found a shimmering altar of Xom.
  1849 | D:3      | Found a glowing golden altar of the Shining One.
  2057 | D:3      | Reached XP level 6. HP: 28/47 MP: 10/10
  2779 | D:3      | Noticed an orc warrior
  2800 | D:3      | Killed an orc warrior
  3132 | D:3      | Reached XP level 7. HP: 50/52 MP: 12/12
  3297 | D:4      | Reached skill level 7 in Armour
  3623 | D:4      | Found a shattered altar of Ashenzari.
  3763 | D:4      | Became a worshipper of Ashenzari the Shackled
  3933 | D:5      | Entered Level 5 of the Dungeon
  3986 | D:5      | Reached skill level 5 in Stealth
  4023 | D:5      | Slain by an ogre

Vault maps used:
D:1:      psy_arrival_fountain, st_stairs_8, serial_bayou_ford_a,
          roderic_st_hans_cross, nrook_mini_backslash, minmay_tall_x
D:2:      yredelemnul_altar_generic, first_ration, kennysheep_cluttered_room,
          lemuel_altar_in_water
D:3:      minmay_chambers_of_threes, chequers_temple_overflow_statue_of_worship
D:4:      ashenzari_conservatory_becter
D:5:      lemuel_blue_sif_altar, nicolae_overflow_crystal_walls,
          lemuel_crystal_altar, kennysheep_okawaru_gauntlet,
          gammafunk_ghost_grave

Skill      XL: |  1  2  3  4  5  6  7 |
---------------+----------------------+-----
Transmutations | 2 3 |  3.0
Poison Magic   | 2 3 |  3.0
Invocations    | 1 2 |  2.9
Short Blades   | 1 2 |  2.6
Long Blades    | 1 2 |  2.6
Axes           | 1 2 |  2.6
Maces & Flails | 1 2 |  2.6
Polearms       | 1 2 |  2.6
Staves         | 1 2 |  2.6
Slings         | 1 2 |  2.6
Crossbows      | 1 2 |  2.6
Throwing       | 1 2 |  2.6
Dodging        | 1 2 |  2.6
Shields        | 1 2 |  2.6
Unarmed Combat | 1 2 |  2.6
Evocations     | 1 2 |  2.6
Spellcasting   | 3 |  3.9
Conjurations   | 1 2 |  2.1
Hexes          | 1 2 |  2.1
Charms         | 1 2 |  2.1
Summonings     | 1 2 |  2.1
Necromancy     | 1 2 |  2.1
Translocations | 1 2 |  2.1
Fire Magic     | 1 2 |  2.1
Ice Magic      | 1 2 |  2.1
Air Magic      | 1 2 |  2.1
Earth Magic    | 1 2 |  2.1
Fighting       | 3 |  3.7
Bows           | 3 |  3.7
Armour         | 7 |  7.1
Stealth        | 5 |  5.0

Action                   |  1- 3 |  4- 6 |  7- 9 || total
-------------------------+-------+-------+-------++-------
Melee: Dagger            |     3 |    89 |    85 ||   177
       Bite              |       |    12 |    17 ||    29
       Punch             |       |       |     2 ||     2
 Fire: Shortbow          |    79 |    77 |       ||   156
Throw: Javelin           |    12 |    33 |       ||    45
 Cast: Poisonous Vapours |     1 |    15 |    11 ||    27
Evoke: Wand              |       |       |     2 ||     2
  Use: Scroll            |       |     6 |       ||     6
  Eat: Chunk             |       |     8 |     3 ||    11
Armor: Leather armour    |    12 |     7 |    13 ||    32
       Plate armour      |       |    74 |    40 ||   114
Dodge: Dodged            |    24 |    44 |    47 ||   115

Table legend:
 A = Non-vault XP
 B = Vault XP
 C = Vault XP percentage of total XP
 D = Non-vault monster count
 E = Vault monster count
 F = Vault count percentage of total count
                 A         B        C        D         E       F
            +---------+---------+-------+---------+---------+-------
      Total |     877 |     169 |  16.2 |     103 |      17 |  14.2
            +---------+---------+-------+---------+---------+-------
        D:1 |      50 |       7 |  12.3 |      24 |       5 |  17.2
        D:2 |     135 |       0 |   0.0 |      24 |       0 |   0.0
        D:3 |     321 |     162 |  33.5 |      34 |      12 |  26.1
        D:4 |     285 |       0 |   0.0 |      13 |       0 |   0.0
        D:5 |      86 |       0 |   0.0 |       8 |       0 |   0.0
            +---------+---------+-------+---------+---------+-------
